 Dungeon Crawl Stone Soup version 0.31-a0-473-g61b50ae490 (webtiles) character file.

Game seed: 560850936886546860

67 Midn8 the Shooter (level 4, -1/26 HPs)
             Began as a Deep Elf Hexslinger on Aug 6, 2023.
             Was an Initiate of Ru.
             Slain by an adder (3 damage)
             ... on level 3 of the Dungeon.
             The game lasted 00:04:45 (1925 turns).

Midn8 the Shooter (Deep Elf Hexslinger)             Turns: 1925, Time: 00:04:46

Health: -1/26      AC:  3    Str:  5    XL:     4   Next: 0%
Magic:  5/8        EV: 13    Int: 18    God:    Ru [......]
Gold:   119        SH:  0    Dex: 19    Spells: 5/6 levels left

rFire   . . .        a - +1 sling
rCold   . . .        (no shield)
rNeg    . . .        c - +1 robe
rPois   .            (no helmet)
rElec   .            (no cloak)
rCorr   +            (no gloves)
SInv    .            (no boots)
Will    .....        (no amulet)
Stlth   ++           g - ring of resist corrosion
HPRegen 0.24/turn    (no ring)
MPRegen 0.11/turn

%: no passive effects
@: lethally poisoned (-1 -> -5)
A: no striking features
a: Renounce Religion


You were on level 3 of the Dungeon.
You worshipped Ru.
Ru was noncommittal.
You visited 1 branch of the dungeon, and saw 3 of its levels.

You collected 119 gold pieces.

Inventory:

Hand Weapons
 a - a +1 sling (weapon)
Armour
 c - a +1 robe (worn)
 h - the +3 leather armour of Shielding {Harm +Inv Will-}
   (You found it on level 2 of the Dungeon)

   +Inv:      It lets you turn invisible.
   Harm:      It increases damage dealt and taken.
   Will:      It decreases your willpower.
Jewellery
 g - a ring of resist corrosion (left hand)
Scrolls
 b - a scroll of poison
 d - 2 scrolls of enchant armour
 e - a scroll of identify {unknown}
 f - a scroll of teleportation {unknown}
 k - a scroll of amnesia {unknown}
Potions
 i - a potion of mutation {unknown}
 j - a potion of ambrosia {unknown}


   Skills:
 - Level 2.1 Fighting
 + Level 4.7 Ranged Weapons
 - Level 2.4 Dodging
 - Level 1.5 Spellcasting
 - Level 4.0 Hexes


You had 5 spell levels left.
You knew the following spells:

 Your Spells              Type           Power      Damage    Failure   Level
a - Slow                  Hex            60%        N/A       3%          1

Your spell library contained the following spells:

 Spells                   Type           Power      Damage    Failure   Level
 Inner Flame              Hex/Fire       8%         N/A       26%         3
 Portal Projectile        Hex/Tloc       16%        N/A       26%         3
 Cause Fear               Hex            7%         N/A       36%         4


Dungeon Overview and Level Annotations

Branches:
Dungeon (3/15)

Altars:
Ru

Annotations:
D:2 Robin


Message History

Casting: Slow (safe; 3% risk of failure)
Confirm with . or Enter, or press ? or * to list all spells.
Aiming: Slow (safe; 3% risk of failure)
Press: ? - help, Shift-Dir - straight line, f/p - adder
Aim: an adder (heavily wounded, chance to affect: 57%)
The adder resists with significant effort.
You feel sick. The adder bites you.
You are more poisoned.
The adder poisons you!
Casting: Slow (safe; 3% risk of failure)
Confirm with . or Enter, or press ? or * to list all spells.
Aiming: Slow (safe; 3% risk of failure)
Press: ? - help, Shift-Dir - straight line, f/p - adder
Aim: an adder (heavily wounded, chance to affect: 57%)
The adder seems to slow down.
You feel sick. The adder misses you.
Unknown command.
You are too injured to fight recklessly!
Aiming: Slow (safe; 3% risk of failure)
Press: ? - help, Q - select action, (/) - cycle Shift-Dir - straight line, f/p - adder
Aim: an adder (heavily wounded, slow, chance to affect: 57%)
The adder resists with significant effort.
You feel sick. The adder bites you.
* * * LOW HITPOINT WARNING * * *
You are lethally poisoned!
The adder poisons you!
Fire: a) +1 sling
Press: ? - help, Shift-Dir - straight line, f/p - adder
Aim: an adder (heavily wounded, slow, 46% to hit)
You shoot a sling bullet.
The sling bullet completely misses the adder.
* * * LOW HITPOINT WARNING * * *
You feel sick. The adder barely misses you.
Fire: a) +1 sling
Press: ? - help, Shift-Dir - straight line, f/p - adder
Aim: an adder (heavily wounded, slow, 46% to hit)
You shoot a sling bullet. The sling bullet hits the adder.
The adder is severely wounded.
* * * LOW HITPOINT WARNING * * *
You feel sick. The adder bites you.
You die...

...#######
.......<.#
....####.#
. #@#
......S..#
.....<...#
...#.##..#
..... ....
.## #.##.
# #.. .
.<# #


You could see an adder (slow).

Vanquished Creatures
  A worm (D:2)
  2 dart slugs
  5 ball pythons
  2 endoplasms (D:1)
  2 giant cockroaches (D:1)
  12 goblins
  7 hobgoblins
  8 kobolds
  2 quokkas (D:2)
  6 bats
  A frilled lizard (D:1)
  5 rats
53 creatures vanquished.

Notes
Turn   | Place    | Note
-------+----------+-------------------------------------------
     0 | D:1      | Midn8 the Deep Elf Hexslinger began the quest for the Orb.
     0 | D:1      | Reached XP level 1. HP: 11/11 MP: 5/5
    41 | D:1      | Reached skill level 1 in Fighting
   210 | D:1      | Reached XP level 2. HP: 17/17 MP: 6/6
   923 | D:2      | Reached XP level 3. HP: 21/21 MP: 7/7
  1003 | D:2      | Identified the +3 leather armour of Shielding {Harm +Inv
                  | Will-}
  1146 | D:2      | Noticed Robin
  1287 | D:2      | Found a sacrificial altar of Ru.
  1301 | D:2      | Became a worshipper of Ru the Awakened
  1830 | D:2      | Reached XP level 4. HP: 26/26 MP: 8/8
  1925 | D:3      | Slain by an adder

Illustrated notes

Levels and vault maps discovered:
D:1:      dpeg_arrival_water_temple_mockup, layout_basic
D:2:      layout_basic, basic_altar, uniq_robin
D:3:      gammafunk_steamed_eel, layout_loops_cross,
          mainiacjoe_overflow_two_lobes, serial_shops, shop, kennysheep_nub

Skill      XL: |  1  2  3 |
---------------+----------+-----
Fighting       | 1 2 |  2.1
Ranged Weapons | 3 4 |  4.7
Dodging        | |  2.4
Spellcasting   | |  1.5
Hexes          | |  4.0

Action                     |  1- 3 |  4- 6 || total
---------------------------+-------+-------++-------
   Fire: Sling             |   152 |    19 ||   171
   Cast: Slow              |     9 |     4 ||    13
    Use: Scroll            |     1 |       ||     1
         Potion            |     1 |       ||     1
 Armour: Robe              |    17 |     3 ||    20
  Dodge: Dodged            |    52 |    13 ||    65

Table legend: (Time is in decaauts)
 A = Elapsed time spent in this place.
 B = Non-inter-level travel time spent in this place.
 C = Inter-level travel time spent in this place.
 D = Time resting spent in this place.
 E = Time spent auto-exploring this place.
 F = Levels seen in this place.
 G = Mean time per level.
                   A        B        C        D        E       F      G
               +--------+--------+--------+--------+--------+-----+--------+
         Total |   1961 |   1882 |     79 |    122 |   1352 |   3 |  653.7 |
       Dungeon |   1961 |   1882 |     79 |    122 |   1352 |   3 |  653.7 |
               +--------+--------+--------+--------+--------+-----+--------+

Top non-repeatable levels by time:
     D:2: 1119 daAuts
     D:1: 813 daAuts
     D:3: 28 daAuts
